 Dungeon Crawl Stone Soup version 0.24-a0-335-g06ca16a (webtiles) character file.

Game seed: 122335639099855896

5574 Borgoz the Cruncher (level 10, -2/63 HPs)
             Began as a Gargoyle Gladiator on May 18, 2019.
             Was a Follower of Ashenzari.
             Slain by a wyvern (11 damage)
             ... on level 10 of the Dungeon.
             The game lasted 00:19:32 (10690 turns).

Borgoz the Cruncher (Gargoyle Gladiator)           Turns: 10690, Time: 00:19:33

Health: -2/63      AC: 21    Str: 19    XL:     10   Next: 72%
Magic:  10/10      EV: 11    Int:  9    God:    Ashenzari [*.....]
Gold:   178        SH:  0    Dex: 13    Spells: 9/9 levels left

rFire    . . .     SeeInvis .   a - +1 quarterstaff (curse)
rCold    . . .     Gourm    .   (shield currently unavailable)
rNeg     + . .     Faith    .   n - +0 chain mail
rPois    ∞         Spirit   .   c - +1 helmet
rElec    +         Reflect  .   v - +0 cloak
rCorr    .         Harm     .   (no gloves)
MR       .....                  (no boots)
Stlth    ..........             (no amulet)
HPRegen  0.20/turn              (no ring)
MPRegen  0.12/turn              (no ring)

@: very slightly contaminated
A: negative energy resistance 1, electricity resistance, unbreathing,
petrification resistance, rot immunity, AC +7
a: Curse Item, Scrying, Renounce Religion


You were on level 10 of the Dungeon.
You worshipped Ashenzari.
Ashenzari was aware of your devotion.
You were not hungry.

You visited 2 branches of the dungeon, and saw 11 of its levels.
You also visited: Sewer.

You collected 402 gold pieces.
You spent 224 gold pieces at shops.

Inventory:

Hand Weapons
 a - a cursed +1 quarterstaff (weapon)
 p - the cursed +0 hunting sling "Teuf Leatseth" {velocity, rPois}
   (You found it on level 5 of the Dungeon)

   Any stone fired from it inflicts extra damage.
   It protects you from poison.
   It has a curse placed upon it.
Missiles
 d - a throwing net (quivered)
Armour
 c - a +1 helmet (worn)
 n - a +0 chain mail (worn)
 v - a +0 cloak (worn)
Jewellery
 s - an uncursed ring of ice
 t - an uncursed ring of flight
Wands
 w - a wand of digging (4)
 x - a wand of paralysis (10)
 y - a wand of random effects (1)
 z - a wand of flame (37)
 A - a wand of iceblast (14)
 D - a wand of polymorph (5)
Scrolls
 e - 2 scrolls of blinking
 i - 2 scrolls of remove curse
 j - a scroll of teleportation
 l - 2 scrolls of fog
 o - 3 scrolls of amnesia
 u - a scroll of enchant weapon
 C - a scroll of noise {unknown}
 G - a scroll of identify
 H - a scroll of vulnerability {unknown}
Potions
 b - a potion of agility
 k - 4 potions of might
 m - 2 potions of flight
 r - 2 potions of magic
 E - a potion of invisibility
 F - 2 potions of haste
Miscellaneous
 h - a sack of spiders
Comestibles
 f - 14 rations
 g - 13 chunks of flesh


   Skills:
 + Level 7.3 Fighting
 * Level 9.6 Staves
 - Level 1.7 Throwing
 + Level 6.8 Armour
 * Level 8.1 Dodging


You had 9 spell levels left.
You didn't know any spells.
Your spell library contained the following spells:

 Spells                   Type           Power        Failure   Level  Hunger
 Flame Tongue             Conj/Fire      #....        98%         1    ##.....
 Summon Butterflies       Summ           #.......     98%         1    ##.....
 Throw Flame              Conj/Fire      #.....       99%         2    ###....
 Call Canine Familiar     Summ           #.......     100%        3    ####...
 Conjure Flame            Conj/Fire      #.......     100%        3    ####...
 Inner Flame              Hex/Fire       #.......     100%        3    ####...
 Sticky Flame             Conj/Fire      #.......     100%        4    #####..
 Summon Ice Beast         Ice/Summ       #.......     100%        4    #####..
 Fireball                 Conj/Fire      #.........   100%        5    ######.
 Summon Mana Viper        Hex/Summ       #.......     100%        5    ######.
 Summon Hydra             Summ           #.........   100%        7    #######


Dungeon Overview and Level Annotations

Branches:
Dungeon (10/15)            Temple (1/1) D:7
   Lair: D:8-11         Orc: D:9-12

Altars:
Ashenzari
Cheibriados
Dithmenos
Elyvilon
Fedhas
Gozag
Hepliaklqana
Kikubaaqudgha
Makhleb
Nemelex Xobeh
Okawaru
Qazlal
Ru
Sif Muna
Trog
Uskayaw
Vehumet
Wu Jian
Xom
Yredelemnul
Zin
The Shining One

Shops:
D:4 *   D:8 :


Innate Abilities, Weirdness & Mutations

You are resistant to torment.
Your stone body is resilient. (AC +7)
You are immune to poison.
You resist negative energy. (rN+)
You are resistant to electric shocks. (rElec)
You can survive without breathing.
You are immune to petrification.
You are immune to rotting.


Message History

The wyvern is heavily wounded.
The wyvern struggles against the net.
The net rips apart, and the wyvern comes free!
The wyvern closely misses you.
You closely miss the wyvern.
The wyvern is heavily wounded.
The wyvern bites you.
* * * LOW HITPOINT WARNING * * *
The orc hits you.
* * * LOW HITPOINT WARNING * * *
Throwing (i - inventory)
d - 2 throwing nets (quivered)
Press: ? - help, Shift-Dir - straight line, f/p - wyvern
Aim: a wyvern (heavily wounded)
You throw a throwing net.
The throwing net closely misses the wyvern.
The wyvern bites you but does no damage.
The orc hits you but does no damage.
Okay, then.
You feel better. The wyvern bites you!
You die...

#...........#
#....
#..?...(....#
#....
#..........##
#...
#...........
#........#
#.......#
#......#
#...ol.#
#....@.#
#......#
########


You could see a wyvern and an orc.

Vanquished Creatures
  A troll (D:9)
  A tengu conjurer (D:9)
  2 hippogriffs
  Sigmund (D:2)
  7 yaks
  3 orc warriors
  2 ice beasts
  A sky beast (D:7)
  3 black bears
  A phantom (D:7)
  2 ogres
  5 centaurs
  4 big kobolds
  4 bullfrogs
  2 scorpions (D:4)
  3 killer bees (D:7)
  A howler monkey (D:9)
  3 crimson imps
  A centaur zombie (D:7)
  4 centaur skeletons
  2 jellies
  A hound (D:7)
  An orc priest (D:9)
  3 orc wizards
  An iguana (D:4)
  Ijyb (D:3)
  Terence (D:3)
  Natasha (D:2)
  3 worker ants
  11 adders
  4 gnolls
  2 river rats
  7 oozes
  2 adder skeletons
  7 worms
  5 leopard geckos
  38 orcs
  6 ball pythons
  9 giant cockroaches
  17 goblins
  11 hobgoblins
  12 jackals
  A quokka (D:3)
  7 bats
  3 frilled lizards
  A jackal zombie (D:6)
  13 kobolds
  2 leopard gecko skeletons
  A leopard gecko zombie (D:9)
  14 rats
238 creatures vanquished.

Vanquished Creatures (others)
  An adder (D:9)
1 creature vanquished.

Grand Total: 239 creatures vanquished

Notes
Turn   | Place    | Note
-------+----------+-------------------------------------------
     0 | D:1      | Borgoz the Gargoyle Gladiator began the quest for the Orb.
     0 | D:1      | Reached XP level 1. HP: 12/12 MP: 1/1
   132 | D:1      | Reached XP level 2. HP: 17/17 MP: 2/2
   270 | D:1      | Reached XP level 3. HP: 13/22 MP: 3/3
   486 | D:1      | Reached skill level 1 in Armour
  1027 | D:2      | Noticed Natasha
  1035 | D:2      | Killed Natasha
  1035 | D:2      | Reached XP level 4. HP: 15/27 MP: 4/4
  1168 | D:2      | Noticed Sigmund
  1899 | D:3      | Found a glowing drain.
  1963 | D:3      | Reached XP level 5. HP: 16/32 MP: 5/5
  1971 | D:3      | Reached skill level 4 in Staves
  2025 | D:3      | Noticed Terence
  2056 | Sewer    | Entered a sewer
  2379 | Sewer    | Noticed a big kobold
  2422 | Sewer    | Killed a big kobold
  2511 | Sewer    | Reached XP level 6. HP: 35/37 MP: 6/6
  3284 | D:3      | Found an iron altar of Okawaru.
  3389 | D:3      | Reached skill level 5 in Staves
  3393 | D:3      | Reached XP level 7. HP: 37/42 MP: 7/7
  3453 | D:3      | Noticed Ijyb
  3506 | D:3      | Killed Ijyb
  3771 | D:3      | Killed Terence
  3961 | D:4      | Found Ecruosse's Elemental Accessories.
  4012 | D:4      | Found a shadowy altar of Dithmenos.
  4578 | D:5      | Entered Level 5 of the Dungeon
  4586 | D:5      | Reached XP level 8. HP: 21/48 MP: 8/8
  4625 | D:5      | Reached skill level 6 in Staves
  4627 | D:5      | Reached skill level 5 in Dodging
  4842 | D:5      | Got a crude hunting sling
  5394 | D:6      | Reached skill level 5 in Fighting
  5759 | D:6      | Reached skill level 7 in Staves
  6549 | D:7      | Reached XP level 9. HP: 43/54 MP: 9/9
  6838 | D:2      | Found a blossoming altar of Fedhas.
  6842 | D:2      | Found a basalt altar of Yredelemnul.
  6842 | D:2      | Found a deep blue altar of Sif Muna.
  6849 | D:2      | Found a shimmering altar of Xom.
  6849 | D:2      | Found a glowing silver altar of Zin.
  7022 | D:2      | Killed Sigmund
  7080 | D:4      | Bought a wand of digging (4) for 224 gold pieces
  7146 | D:7      | Reached skill level 5 in Armour
  7181 | D:7      | Found a staircase to the Ecumenical Temple.
  7208 | Temple   | Entered the Ecumenical Temple
  7221 | Temple   | Became a worshipper of Ashenzari the Shackled
  7266 | Temple   | Identified the cursed +0 hunting sling "Teuf Leatseth"
                  | {velocity, rPois} (You found it on level 5 of the Dungeon)
  7373 | D:7      | Found an opulent altar of Gozag.
  8093 | D:7      | Found a deep blue altar of Sif Muna.
  8324 | D:8      | Reached skill level 8 in Staves
  9034 | D:8      | Found a sacrificial altar of Ru.
  9036 | D:8      | Reached * piety under Ashenzari
  9194 | D:8      | Found Otack's Book Shoppe.
  9407 | D:9      | Reached XP level 10. HP: 28/61 MP: 10/10
  9574 | D:9      | Reached skill level 9 in Staves
 10544 | D:10     | Entered Level 10 of the Dungeon
 10674 | D:10     | HP: 1/63 [disintegration (18)]
 10688 | D:10     | HP: 3/63 [wyvern (6)]
 10690 | D:10     | Slain by a wyvern

Levels and vault maps discovered:
D:1:      minmay_arrival_wavy_path, layout_loops_ring
D:2:      layout_basic, minmay_overflow_temple_star_hex, uniq_natasha,
          uniq_sigmund
D:3:      kennysheep_goblin_castle, layout_rooms, lemuel_doored_altar,
          portal_sewer_entry_a, uniq_terence
D:4:      layout_rooms, grunt_dithmenos_smoke, first_ration,
          nicolae_elemental_shop
D:5:      layout_loops_ring, feat_on_display
D:6:      layout_loops_corners
D:7:      layout_cave_pods, overflow_temple_1_default, minmay_temple_entry_hall,
          lemuel_blue_sif_altar
D:8:      layout_basic, hangedman_ru_absence, serial_shops, kennysheep_mini_moat
D:9:      layout_loops_ring
D:10:     layout_rooms
Temple:   cyrus_circular_temple

Skill      XL: |  1  2  3  4  5  6  7  8  9 10 |
---------------+-------------------------------+-----
Armour         | 1 2 3 4 5 6 |  6.8
Dodging        | 3 4 5 7 8 |  8.1
Fighting       | 3 4 5 6 7 |  7.3
Staves         | 4 5 7 8 9 |  9.6
Throwing       | |  1.7

Action                   |  1- 3 |  4- 6 |  7- 9 | 10-12 || total
-------------------------+-------+-------+-------+-------++-------
Melee: Quarterstaff      |   108 |   401 |   550 |   138 ||  1197
Throw: Throwing net      |       |     1 |     3 |     2 ||     6
Invok: Curse Item        |       |       |     1 |       ||     1
Evoke: Wand              |       |       |     6 |    12 ||    18
  Use: Scroll            |     1 |     8 |    10 |     3 ||    22
       Potion            |       |     2 |     1 |     3 ||     6
  Eat: Chunk             |       |     9 |    20 |     4 ||    33
Armor: Leather armour    |    23 |       |       |       ||    23
       Scale mail        |    19 |   216 |   124 |       ||   359
       Chain mail        |       |       |   304 |    62 ||   366
Dodge: Dodged            |    66 |   234 |   384 |    86 ||   770

Table legend:
 A = Non-vault XP
 B = Vault XP
 C = Vault XP percentage of total XP
 D = Non-vault monster count
 E = Vault monster count
 F = Vault count percentage of total count
                 A         B        C        D         E       F
            +---------+---------+-------+---------+---------+-------
      Total |    7167 |     797 |  10.0 |     190 |      48 |  20.2
            +---------+---------+-------+---------+---------+-------
        D:1 |      62 |       0 |   0.0 |      26 |       0 |   0.0
        D:2 |      42 |     277 |  86.8 |      22 |       2 |   8.3
        D:3 |      60 |     113 |  65.3 |      22 |      18 |  45.0
        D:4 |     438 |       0 |   0.0 |      12 |       0 |   0.0
        D:5 |     730 |       0 |   0.0 |      29 |       0 |   0.0
        D:6 |     468 |       0 |   0.0 |      13 |       0 |   0.0
        D:7 |    1018 |       0 |   0.0 |      19 |       0 |   0.0
        D:8 |     382 |       0 |   0.0 |      11 |       0 |   0.0
        D:9 |    2818 |       0 |   0.0 |      26 |       0 |   0.0
       D:10 |    1149 |       0 |   0.0 |      10 |       0 |   0.0
      Sewer |       0 |     407 | 100.0 |       0 |      28 | 100.0
            +---------+---------+-------+---------+---------+-------
